Unix NetHack Version 3.7.0-102 Work-in-progress - last build Apr 7 2024 00:22:53 (d302a6a9ff6341f1a922d8f5af178406b35fdf99,branch:master). Game began 2024-04-18 22:21:05, ended 2024-04-19 00:01:49. Merlek, neutral male human Priest ---- |..------- |........| ---.----.----- |.---|.....-------- |.)).-----........-- ----..--- ----.....-- --.).- ...| |.... ..--.. |.. -------.).. ...... ----..--------....[..... ........ ... --.......>.......-...... .......-- .)..........| -..---.....----.. ..... ..(....)..).....[... |.M@| -...--- . .....[).......---.. -^.--.-..| ........ -... --.....--- ..... --......| ....... |......| ....<. ---.|.-- ...|. ----- Merlek the Priest St:13 Dx:14 Co:17 In:10 Wi:17 Ch:10 Neutral Dlvl:10 $:0 HP:0(87) Pw:135(135) AC:-4 Xp:10/5922 T:9953 Stun Latest messages: You hit the iron piercer. You hit the iron piercer! You hit the iron piercer. You miss the iron piercer. You kill the iron piercer! You see here an uncursed ring mail. What do you want to use or apply? [hkwxD-FIKOQTX-Z or ?*] You put 38 gold pieces into the bag. You descend the stairs. You climb up the stairs. You descend the stairs. b - an uncursed scroll of identify. What do you want to use or apply? [hkwxD-FIKOQTX-Z or ?*] You put an uncursed scroll of identify into the bag. You climb up the stairs. You hit the leprechaun. The leprechaun wakes up! The leprechaun screams! You hit the leprechaun. You hit the leprechaun! The leprechaun deliberately jumps onto a polymorph trap! The leprechaun turns into a giant mummy! You are carrying too much to get through. Your candle is getting short. You hit the giant mummy! The giant mummy misses! The giant mummy hits! You hit the giant mummy. You hit the giant mummy. The giant mummy hits! The giant mummy hits again! The giant mummy knocks you back with a powerful blow! Ouch! You stagger... The giant mummy misses! The giant mummy misses! You feel a bit steadier now. You hit the giant mummy. The giant mummy misses! The giant mummy hits! The giant mummy knocks you back with a forceful blow! Ouch! The giant mummy hits! The giant mummy knocks you back with a forceful blow! Ouch! You stagger... The giant mummy hits again! You die... Do you want your possessions identified? [ynq] (n) Do you want to see your attributes? [ynq] (n) Inventory: Amulets z - an uncursed amulet of ESP (being worn) Weapons s - 5 uncursed +0 darts (at the ready) a - the uncursed rustproof +0 Demonbane R - a blessed +0 elven broadsword (weapon in right hand) Armor G - an uncursed +0 helmet (being worn) M - an uncursed +0 pair of leather gloves (being worn) P - a blessed +2 pair of iron shoes (being worn) c - an uncursed +0 small shield (being worn) o - an uncursed +0 cloak of magic resistance (being worn) U - an uncursed +0 dwarvish mithril-coat (being worn) Comestibles t - an uncursed carrot T - 2 uncursed cream pies N - an uncursed food ration C - an uncursed K-ration f - an uncursed lizard corpse Scrolls l - an uncursed scroll of teleportation Potions j - a cursed potion of confusion Rings V - an uncursed ring of free action W - an uncursed +1 ring of gain constitution L - a blessed +1 ring of gain strength (on right hand) Wands Q - an uncursed wand of cold (0:4) O - an uncursed wand of create monster (0:12) Y - an uncursed wand of magic missile (0:7) K - an uncursed wand of polymorph (0:2) D - an uncursed wand of speed monster (0:2) w - an uncursed wand of striking (0:1) E - an uncursed wand of teleportation (0:4) Tools I - an uncursed sack containing 15 items k - an uncursed lock pick named tele F - an uncursed magic whistle x - an uncursed +0 pick-axe Z - an uncursed partly used tallow candle (lit) X - an uncursed towel h - an uncursed +0 unicorn horn Contents of the sack: 38 gold pieces an uncursed clove of garlic an uncursed food ration an uncursed sprig of wolfsbane an uncursed tripe ration an uncursed scroll of confuse monster a cursed scroll of destroy armor a blessed scroll of earth an uncursed scroll of earth 2 uncursed scrolls of identify an uncursed potion of extra healing an uncursed ring of aggravate monster an uncursed ring of see invisible an uncursed ring of sustain ability an uncursed wand of speed monster (0:1) Merlek the Priest's attributes: Background: You were a Priest, level 10 human. You were neutral, on a mission for Crom who was opposed by Mitra (lawful) and Set (chaotic). You were right-handed. You were in the Gnomish Mines, on level 10. You entered the dungeon 9953 turns ago. It was the midnight hour. You had 5922 experience points, 4078 more were needed to attain level 11. Basics: You had 0 out of 87 hit points. You had all 135 energy points (spell power). Your armor class was -4. Your wallet was empty, but you had 38 zorkmids stashed away in your pack. Autopickup was on for '$=?"/!%' plus thrown, with exceptions. Final Characteristics: Your strength was 13 (base:12, peak:13, limit:18/100). Your dexterity was 14 (limit:18). Your constitution was 17 (limit:18). Your intelligence was 10 (limit:18). Your wisdom was 17 (limit:18). Your charisma was 10 (limit:18). Final Status: You were stunned. You weren't hungry. You were unencumbered. You were wielding a broadsword. You had no skill with broadsword. Final Attributes: You were piously aligned. You were magic-protected. You were telepathic. You were guarded. You were fast. You were very lucky. You are dead. Miscellaneous: You never encountered a bones level. Total elapsed playing time was 1 hour, 40 minutes and 44 seconds. Major events: Turn 1: Merlek the neutral human Priest entered the dungeon 527: entered the Gnomish Mines 684: attained the rank of Acolyte (level 3) 2118: attained the rank of Adept (level 6) 3029: reached Mine Town 4938: entered Sokoban 8089: performed his first genocide (class L) 8278: was bestowed with Demonbane by Crom 8741: attained the rank of Priest (level 10) 8755: completed 1st Sokoban level 9451: completed 2nd Sokoban level 9953: killed by a giant mummy, while moving through the air Vanquished creatures: 4 sergeants 4 wargs a wood golem a large dog 2 tigers 2 tengu a human mummy 3 chameleons a crocodile a giant beetle a cockatrice 2 winter wolf cubs a lynx a gremlin a leprechaun an iron piercer a giant spider a scorpion an ice vortex a vampire bat 2 gnome rulers a dwarf mummy 3 brown puddings a rust monster 3 owlbears a yeti 4 Green-elves 3 lizards 2 dingoes a jaguar 3 white unicorns a dust vortex a gnome mummy 4 apes a Woodland-elf a bugbear a water nymph a mountain nymph 17 Uruk-hai 2 rock piercers a fog cloud 5 yellow lights a violet fungus 10 gnome leaders 6 gnomish wizards 2 kobold mummies 3 gray oozes 2 ghouls 8 giant ants a floating eye a kitten 16 dwarves a kobold leader 7 rothes a rabid rat 2 orc zombies 2 dwarf zombies 4 iguanas 11 killer bees 2 acid blobs 5 hobbits a manes 5 large kobolds a hobgoblin 2 giant rats 8 cave spiders a brown mold 55 gnomes 2 garter snakes 4 geckos 3 foxes 2 kobolds 4 goblins 5 grid bugs a bat 8 lichens 3 kobold zombies 6 newts 286 creatures vanquished. Genocided species: arch-liches master liches demiliches liches 4 species genocided. Voluntary challenges: You read items or engraved 6 times. You never engraved Elbereth. You never had a pet. You genocided 4 types of monsters. You never polymorphed an object. You never changed form. You used no wishes. You did not violate any of the special Sokoban rules. Achievements: You entered a shop. You entered the Gnomish Mines. You attained the rank of Acolyte. You attained the rank of Adept. You entered Minetown. You entered a temple. You entered Sokoban. You attained the rank of Priest. The Dungeons of Doom: levels 1 to 10 Level 1: Some sinks. Level 2: "holy water" Level 3: Some sinks. Stairs down to The Gnomish Mines. Level 4: A fountain. Level 5: Many fountains. Oracle of Delphi. Level 6: A fountain. Stairs up to Sokoban, level 5. Level 7: Level 8: An altar to Crom, some fountains, a grave. Level 9: A grave. Level 10: A fountain. The Gnomish Mines: levels 4 to 11 Level 4: "wrapping" Level 5: Level 6: Level 7: A temple and an altar, some fountains. Level 8: Level 9: Level 10: <- You were here. Final resting place for you, killed by a giant mummy, while moving through the air. Level 11: Sokoban: levels 5 up to 4 Level 4: Solved. Level 5: Solved. Game over: ---------- / \ / REST \ / IN \ / PEACE \ / \ | Merlek | | 38 Au | | killed by a | | giant mummy | | | | | | 2024 | *| * * * | * _________)/\\_//(\/(/\)/\//\/|_)_______ Goodbye Merlek the Priest... You died in The Gnomish Mines on dungeon level 10 with 24243 points, and 38 pieces of gold, after 9953 moves. You were level 10 with a maximum of 87 hit points when you died.